 Dungeon Crawl Stone Soup version 0.31.0-11-ge490571c62 (webtiles) character file.

Game seed: 10751295080055973071

720 qw the Skirmisher (level 7, -2/40 HPs)
             Began as a Deep Elf Hunter on Feb 5, 2024.
             Slain by Duvessa
             ... wielding a +0 short sword
              (12 damage)
             ... on level 4 of the Dungeon.
             The game lasted 00:01:18 (2883 turns).

qw the Skirmisher (Deep Elf Hunter)                 Turns: 2883, Time: 00:01:18

Health: -2/40      AC:  5    Str: 10    XL:     7   Next: 42%
Magic:  9/9        EV: 17    Int: 14    God:
Gold:   100        SH:  0    Dex: 20    Spells: 6/6 levels left

rFire   . . .        a - +1 shortbow
rCold   + . .        (shield currently unavailable)
rNeg    . . .        g - +0 ring mail
rPois   +            (no helmet)
rElec   .            (no cloak)
rCorr   .            (no gloves)
SInv    .            (no boots)
Will    .....        (no amulet)
Stlth   +            i - +5 ring of evasion
HPRegen 0.26/turn    c - ring of Uhen {rPois rC+ Dex+2}
MPRegen 0.11/turn

%: no passive effects
@: about to teleport
A: no striking features
a: no special abilities


You were on level 4 of the Dungeon.
You visited 1 branch of the dungeon, and saw 4 of its levels.

You collected 100 gold pieces.


   Skills:
 - Level 2.0 Fighting
 - Level 11.2 Ranged Weapons
 - Level 1.0 Armour
 + Level 3.6 Dodging
 - Level 1.2 Stealth


You had 6 spell levels left.
You didn't know any spells.
Your spell library was empty.

Inventory:

Hand Weapons
 a - a +1 shortbow (weapon)
Armour
 g - a +0 ring mail (worn)
Jewellery
 c - the ring of Uhen (right hand) {rPois rC+ Dex+2}
   (You acquired it on level 2 of the Dungeon)

   [ring of protection from cold]

   Dex+2:     It affects your dexterity (+2).
   rC+:       It protects you from cold.
   rPois:     It protects you from poison
 i - a +5 ring of evasion (left hand)
Scrolls
 h - a scroll of teleportation
Potions
 b - 3 potions of might
 e - a potion of brilliance {unknown}
 j - a potion of degeneration {unknown}
 l - a potion of curing {unknown}

Dungeon Overview and Level Annotations

Branches:
Dungeon (4/15)
 Temple: D:4-7

Altars:

Annotations:
D:4 Duvessa


Message History

Duvessa misses you.
2875 ||| ZAPPING wand of light (4) at -1,0 (Duvessa; floor).
Aiming: Bolt of Light
Press: ? - help, Q - select action, (/) - cycle Shift-Dir - straight line, f/p - Duvessa The bolt of light misses Duvessa.
Duvessa closely misses you. Duvessa misses you.
2876 ||| ZAPPING wand of light (3) at -1,0 (Duvessa; floor).
Aiming: Bolt of Light
Press: ? - help, Q - select action, (/) - cycle Shift-Dir - straight line, f/p - Duvessa The bolt of light hits Duvessa.
Duvessa is heavily wounded.
Duvessa hits you with a +0 short sword!
2877 ||| ZAPPING wand of light (2) at -1,0 (Duvessa; floor).
Aiming: Bolt of Light
Press: ? - help, Q - select action, (/) - cycle Shift-Dir - straight line, f/p - Duvessa The bolt of light misses Duvessa.
Duvessa closely misses you. x2
2878 ||| ZAPPING wand of light (1) at -1,0 (Duvessa; floor).
Aiming: Bolt of Light
Press: ? - help, Q - select action, (/) - cycle Shift-Dir - straight line, f/p - Duvessa The bolt of light hits Duvessa.
Duvessa is heavily wounded.
The now-empty wand crumbles to dust.
Duvessa misses you.
You shoot an arrow. The arrow hits Duvessa.
Duvessa is severely wounded.
Duvessa barely misses you. Duvessa hits you with a +0 short sword.
2880 ||| READING 2 scrolls of teleportation.
As you read the scroll of teleportation, it crumbles to dust.
You feel strangely unstable. Duvessa completely misses you.
You shoot an arrow.
The arrow hits Duvessa but does no damage.
Duvessa is heavily wounded.
Duvessa closely misses you. Duvessa barely misses you.
You shoot an arrow. The arrow closely misses Duvessa.
Duvessa barely misses you.
You shoot an arrow. The arrow closely misses Duvessa.
Duvessa hits you with a +0 short sword!
You die...

################..
......e@.[........
#######.##.....#..
#.##..!..#
...+...).+
##.##.....#
#.#######.. #.#
... #.# e.


You could see Duvessa (berserk, blind, unable to see you).

Vanquished Creatures
  Grinder (D:3)
  Sigmund (D:3)
  A kobold brigand (D:3)
  Dowan (D:4)
  A hound (D:4)
  An orc priest (D:3)
  Natasha (D:3)
  7 adders
  4 dart slugs
  2 ribbon worms (D:3)
  3 orcs (D:3)
  6 ball pythons
  2 bats
  12 endoplasms
  3 giant cockroaches
  6 goblins
  7 hobgoblins
  A jackal (D:3)
  13 kobolds
  5 quokkas
  2 frilled lizards
  6 rats
86 creatures vanquished.

Notes
Turn   | Place    | Note
-------+----------+-------------------------------------------
     0 | D:1      | qw the Deep Elf Hunter began the quest for the Orb.
     0 | D:1      | Reached XP level 1. HP: 12/12 MP: 3/3
     0 | D:1      | 0 ||| qw: Version: 0.3-a-160-g6735b56
     0 | D:1      | 0 ||| qw: Game counter: 6339
     0 | D:1      | 0 ||| qw: Melee chars always use a shield: true
     0 | D:1      | 0 ||| qw: God list: Okawaru
     0 | D:1      | 0 ||| qw: Allow faded altars: false
     0 | D:1      | 0 ||| qw: Do Orc after clearing Dungeon:15 true
     0 | D:1      | 0 ||| qw: Do second Lair branch before Depths: true
     0 | D:1      | 0 ||| qw: Lair rune preference: random
     0 | D:1      | 0 ||| qw: Goals: Normal
     0 | D:1      | 0 ||| PLANNING D:1-11
    44 | D:1      | Reached XP level 2. HP: 16/16 MP: 4/4
    49 | D:1      | Reached skill level 6 in Ranged Weapons
   571 | D:1      | Reached XP level 3. HP: 20/20 MP: 5/5
   773 | D:1      | 773 ||| UPGRADING to +0 scale mail.
   783 | D:1      | 783 ||| DROPPING +0 leather armour.
   784 | D:1      | 784 ||| UPGRADING to +5 ring of evasion.
   785 | D:1      | 785 ||| READING 3 scrolls labelled REPPUO YMECIGG.
   785 | D:1      | 785 ||| IDENTIFYING glowing inky potion
   786 | D:1      | 786 ||| READING 2 scrolls of identify.
   786 | D:1      | 786 ||| IDENTIFYING scroll labelled DOELONL QOPNIGHI
   787 | D:1      | 787 ||| READING scroll of enchant weapon.
   787 | D:1      | 787 ||| ENCHANTING +0 shortbow.
   788 | D:1      | 788 ||| READING scroll of identify.
   788 | D:1      | 788 ||| IDENTIFYING scroll labelled FEDOEM USELIFRU
   789 | D:1      | 789 ||| READING scroll labelled ACEGHA ULAU.
   890 | D:1      | 890 ||| DROPPING scroll of butterflies.
   891 | D:1      | 891 ||| DROPPING potion of berserk rage.
  1012 | D:2      | Reached skill level 7 in Ranged Weapons
  1235 | D:2      | Reached XP level 4. HP: 25/25 MP: 6/6
  1902 | D:2      | 1902 ||| READING scroll labelled UTUDIO WAOST.
  1903 | D:2      | 1903 ||| READING scroll labelled NODO TONACZUYKHLE.
  1903 | D:2      | Identified a scroll of acquirement
  1903 | D:2      | 1903 ||| ACQUIRING ring of Uhen {rPois rC+ Dex+2}
  1903 | D:2      | Acquired the ring of Uhen {rPois rC+ Dex+2}
  1905 | D:2      | 1905 ||| UPGRADING to ring of Uhen {rPois rC+ Dex+2}.
  1906 | D:2      | 1906 ||| DRINKING 2 murky white potions.
  1989 | D:3      | Noticed Grinder
  1990 | D:3      | 1990 ||| PLANNING SEWER
  1996 | D:3      | Paralysed by Grinder for 2 turns
  1998 | D:3      | 1998 ||| STAIRDANCE
  2045 | D:3      | 2045 ||| STAIRDANCE
  2078 | D:3      | Killed Grinder
  2079 | D:3      | Reached skill level 9 in Ranged Weapons
  2079 | D:3      | Reached XP level 5. HP: 29/29 MP: 7/7
  2079 | D:3      | Reached XP level 6. HP: 34/34 MP: 8/8
  2568 | D:3      | Noticed Natasha
  2573 | D:3      | Reached skill level 1 in Armour
  2576 | D:3      | Killed Natasha
  2593 | D:3      | Reached skill level 10 in Ranged Weapons
  2593 | D:3      | Noticed Sigmund
  2596 | D:3      | 2596 ||| ZAPPING wand of light (11) at 5,1 (Sigmund;
                  | floor).
  2597 | D:3      | 2597 ||| ZAPPING wand of light (10) at 5,1 (Sigmund;
                  | floor).
  2598 | D:3      | 2598 ||| ZAPPING wand of light (9) at 4,1 (Sigmund; floor).
  2598 | D:3      | Killed Sigmund
  2599 | D:3      | Reached XP level 7. HP: 37/40 MP: 9/9
  2663 | D:3      | Reached skill level 11 in Ranged Weapons
  2719 | D:3      | 2719 ||| RIP SEWER
  2745 | D:3      | 2745 ||| PLANNING D:1-11
  2745 | D:3      | 2745 ||| UPGRADING to +0 ring mail.
  2755 | D:3      | 2755 ||| DROPPING +0 scale mail.
  2756 | D:3      | 2756 ||| READING scroll labelled PONAX SISK.
  2811 | D:4      | Noticed Dowan
  2820 | D:4      | Noticed Duvessa
  2821 | D:4      | 2821 ||| RETREEEEATING.
  2827 | D:4      | 2827 ||| RETREEEEATING.
  2829 | D:4      | Reached skill level 3 in Dodging
  2829 | D:4      | 2829 ||| ZAPPING wand of light (8) at 5,4 (Duvessa; floor).
  2830 | D:4      | Killed Dowan
  2831 | D:4      | 2831 ||| FLEEEEING.
  2832 | D:4      | 2832 ||| STAIRDANCE
  2872 | D:4      | 2872 ||| ZAPPING wand of light (7) at -1,0 (Duvessa;
                  | floor).
  2873 | D:4      | 2873 ||| ZAPPING wand of light (6) at -1,0 (Duvessa;
                  | floor).
  2874 | D:4      | 2874 ||| ZAPPING wand of light (5) at -1,0 (Duvessa;
                  | floor).
  2875 | D:4      | 2875 ||| ZAPPING wand of light (4) at -1,0 (Duvessa;
                  | floor).
  2876 | D:4      | 2876 ||| ZAPPING wand of light (3) at -1,0 (Duvessa;
                  | floor).
  2877 | D:4      | 2877 ||| ZAPPING wand of light (2) at -1,0 (Duvessa;
                  | floor).
  2878 | D:4      | 2878 ||| ZAPPING wand of light (1) at -1,0 (Duvessa;
                  | floor).
  2879 | D:4      | HP: 9/40 [Duvessa/+0 short sword (3)]
  2880 | D:4      | 2880 ||| READING 2 scrolls of teleportation.
  2883 | D:4      | Slain by Duvessa

Levels and vault maps discovered:
D:1:      co_arrival_square_in_a_square_in_a_square, layout_loops_corners
D:2:      layout_basic
D:3:      cheibrodos_thug_alley, layout_rooms, cheibrodos_sewer_entry_bend,
          minmay_cut_off, uniq_natasha, uniq_sigmund, uniq_grinder
D:4:      layout_basic, minmay_temple_entry_statues_pillars, uniq_duvessa

Skill      XL: |  1  2  3  4  5  6  7 |
---------------+----------------------+-----
Ranged Weapons | 6 7 9 10 11 | 11.2
Fighting       | 2 |  2.0
Armour         | 1 |  1.0
Dodging        | 3 |  3.6
Stealth        | |  1.2

Action                     |  1- 3 |  4- 6 |  7- 9 || total
---------------------------+-------+-------+-------++-------
   Fire: Shortbow          |    90 |   112 |    65 ||   267
  Evoke: Wand              |       |     3 |     8 ||    11
    Use: Scroll            |     5 |     2 |     2 ||     9
         Potion            |       |     1 |       ||     1
 Armour: Leather armour    |     7 |       |       ||     7
         Scale mail        |     6 |    23 |     2 ||    31
         Ring mail         |       |       |    11 ||    11
  Dodge: Dodged            |     9 |    32 |    33 ||    74

Table legend:
 A = Non-vault XP
 B = Vault XP
 C = Vault XP percentage of total XP
 D = Non-vault monster count
 E = Vault monster count
 F = Vault count percentage of total count
                 A         B        C        D         E       F
            +---------+---------+-------+---------+---------+-------
      Total |     296 |     733 |  71.2 |      69 |      17 |  19.8
            +---------+---------+-------+---------+---------+-------
        D:1 |      48 |       0 |   0.0 |      26 |       0 |   0.0
        D:2 |      99 |       0 |   0.0 |      20 |       0 |   0.0
        D:3 |     104 |     664 |  86.5 |      20 |      16 |  44.4
        D:4 |      45 |      69 |  60.5 |       3 |       1 |  25.0
            +---------+---------+-------+---------+---------+-------
